 Dungeon Crawl Stone Soup version 0.23.2-30-g0e89c35649 (webtiles) character file.

Game seed: 3206467875472861858

11876 doot the Cleaver (level 11, -22/63 HPs)
             Began as a Tengu Summoner on June 14, 2019.
             Was a Believer of Sif Muna.
             Hit by a large rock thrown by a cyclops (31 damage)
             ... on level 11 of the Dungeon.
             The game lasted 00:41:35 (15394 turns).

doot the Cleaver (Tengu Summoner)                  Turns: 15394, Time: 00:41:35

Health: -22/63     AC: 14    Str:  9    XL:     11   Next: 84%
Magic:  13/22      EV: 17    Int: 20    God:    Sif Muna [**....]
Gold:   515        SH:  6    Dex: 16    Spells: 8/23 levels left

rFire    + . .     SeeInvis .   V - +11 executioner's axe of Radicalism {chop, rC+ Int+3}
rCold    + + .     Gourm    .   (shield currently unavailable)
rNeg     . . .     Faith    .   w - +2 leather armour {rC+}
rPois    .         Spirit   .   (helmet restricted)
rElec    .         Reflect  +   J - +2 cloak
rCorr    .         Harm     .   f - +1 pair of gloves
MR       .....                  (boots unavailable)
Stlth    +++.......             M - +6 amulet of reflection
HPRegen  0.20/turn              y - +4 ring of protection
MPRegen  0.18/turn              H - ring of protection from fire

@: flying quickly and evasively, lightly drained, divine energy, quick
A: beak, talons 3, able to fly
a: Stop Flying, Stop Divine Energy, Renounce Religion


You were on level 11 of the Dungeon.
You worshipped Sif Muna.
Sif Muna was pleased with you.
You were hungry.

You visited 2 branches of the dungeon, and saw 13 of its levels.
You also visited: Ossuary and Bailey.

You collected 515 gold pieces.

Inventory:

Hand Weapons
 r - a +1 flail
 G - a +0 scythe
 L - a +4 morningstar
 P - a +2 broad axe of flaming
 Q - a +1 trident of venom
 V - the +11 executioner's axe of Radicalism (weapon) {chop, rC+ Int+3}
   (You found it in a bailey)

   It inflicts extra damage upon your enemies.
   It affects your intelligence (+3).
   It protects you from cold.
 W - a +2 bardiche of freezing
Missiles
 i - 7 javelins (quivered)
Armour
 a - a +0 robe
 f - a +1 pair of gloves (worn)
 w - a +2 leather armour of cold resistance (worn)
 J - a +2 cloak (worn)
 U - a +1 leather armour of cold resistance
Jewellery
 g - an uncursed amulet of the acrobat
 k - an uncursed ring of resist corrosion
 x - an uncursed amulet of guardian spirit
 y - a +4 ring of protection (left hand)
 z - an uncursed amulet of harm
 H - a ring of protection from fire (right hand)
 M - a +6 amulet of reflection (around neck)
 R - a cursed ring of ice
 S - an uncursed ring of protection from cold
Wands
 l - a wand of clouds (5)
 s - a wand of acid (2)
 A - a wand of polymorph (6)
 N - a wand of disintegration (11)
 O - a wand of iceblast (5)
Scrolls
 b - a scroll of immolation
 d - 2 scrolls of enchant armour
 h - 7 scrolls of teleportation
 u - a scroll of blinking
 C - a scroll of enchant weapon
 E - a scroll of identify
 F - a scroll of fear
 I - a scroll of amnesia
 T - a scroll of acquirement
 Z - a scroll of fog
Potions
 e - 4 potions of curing
 j - 5 potions of brilliance
 m - a potion of resistance
 n - 3 potions of lignification
 o - 3 potions of berserk rage
 p - 5 potions of ambrosia
 q - 5 potions of might
 t - 3 potions of mutation
 v - 2 potions of heal wounds
 B - 3 potions of haste
 D - 4 potions of flight
 K - 2 potions of invisibility
Comestibles
 c - 20 rations
 X - a chunk of flesh


   Skills:
 + Level 5.0(4.8) Fighting
 * Level 9.5(10.5) Axes
 + Level 8.2(9.9) Maces & Flails
 - Level 0.5(5.7) Polearms
 + Level 3.1(2.9) Armour
 + Level 5.2(5.0) Dodging
 + Level 6.2(6.0) Stealth
 + Level 6.8(6.6) Spellcasting
 + Level 4.2(4.0) Conjurations
 + Level 9.4(9.2) Summonings
 + Level 1.2(1.1) Translocations
 + Level 3.6(3.4) Air Magic
 + Level 1.6(1.4) Poison Magic
 + Level 1.3(1.1) Evocations


You had 8 spell levels left.
You knew the following spells:

 Your Spells              Type           Power        Failure   Level  Hunger
b - Call Imp              Summ           #####...     1%          2    None
c - Call Canine Familiar  Summ           #####...     1%          3    #......
d - Summon Lightning Spi  Summ/Air       ####....     10%         4    ###....
e - Blink                 Tloc           N/A          13%         2    None
f - Magic Dart            Conj           ###.         2%          1    None
g - Mephitic Cloud        Conj/Pois/Air  ###.....     12%         3    #......

Your spell library contained the following spells:

 Spells                   Type           Power        Failure   Level  Hunger
 Summon Small Mammal      Summ           ####         1%          1    None
 Summon Guardian Golem    Hex/Summ       ####....     6%          3    #......
 Throw Frost              Conj/Ice       ##....       9%          2    None
 Beastly Appendage        Tmut           #.....       14%         1    None
 Freeze                   Ice            #...         14%         1    None
 Conjure Flame            Conj/Fire      ##......     17%         3    #......
 Slow                     Hex            #.......     21%         2    None
 Summon Ice Beast         Ice/Summ       ####....     21%         4    ###....
 Ozocubu's Armour         Chrm/Ice       #.......     38%         3    #......
 Throw Icicle             Conj/Ice       ##......     50%         4    ###....


Dungeon Overview and Level Annotations

Branches:
Dungeon (12/15)            Temple (1/1) D:7            Lair (0/6) D:11
    Orc: D:9-12

Altars:
Ashenzari
Cheibriados
Dithmenos
Elyvilon
Fedhas
Gozag
Hepliaklqana
Kikubaaqudgha
Makhleb
Nemelex Xobeh
Okawaru
Qazlal
Ru
Sif Muna
Trog
Uskayaw
Vehumet
Wu Jian
Xom
Yredelemnul
Zin
The Shining One

Shops:
D:7 %

Annotations:
D:10 2 transporters


Innate Abilities, Weirdness & Mutations

You have a beak for a mouth.
You have claws for feet.
You can fly continuously.


Message History

Casting: Blink (safe; 13% risk of failure)
Confirm with . or Enter, or press ? or * to list all spells.
Aiming: Summon Lightning Spire (safe; 10% risk of failure)
Press: ? - help, Dir - move target cursor, p - gargoyle An electric hum fills the air.
You are feeling hungry.
Casting: Summon Lightning Spire (safe; 10% risk of failure)
Confirm with . or Enter, or press ? or * to list all spells.
The gargoyle hits your lightning spire but does no damage.
The gargoyle hits your lightning spire with a +0 dire flail!!
Your lightning spire is destroyed!
The cyclops throws a large rock.
You reflect the large rock off an invisible shield around you!
The large rock hits the cyclops!
The gargoyle hits your wolf with a +0 dire flail!!
Unknown command.
Your wolf bites the gargoyle but does no damage.
Your wolf bites the gargoyle.
The cyclops throws a large rock.
The large rock hits you!!
You die...

.#............###.##..#..####...#
....###..........9...##..!.#.....
.##.###..##C....##...#..##...####
.##.##..####..#####..#..##....###
.##....#####.## ##...###.......
..#....###.>..#####9...##...#####
#...##......#..##.h####.....#####
#..####..####.....## #..........
##.#....## #..#@## #.......###
#.....#..# ##.###.# ##.....###
#.######.###.## #.####......#
..## #..##.# ##....#####.### #
#..## ##.#.#####...### #...###
##..## ##....##.....# ##.....
##..###..#.....###.### ##.....
##....####..### #...#####..###.
##...## ##.# #.........## ##


You could see a cyclops, a gargoyle and a friendly wolf.

Vanquished Creatures
  A two-headed ogre (D:10)
  An unseen horror (D:11)
  A cyclops (D:11)
  2 trolls
  2 hippogriffs (D:11)
  A vampire (D:11)
  A wraith (D:10)
  15 yaks
  3 hogs (D:9)
  A wyvern (D:5)
  A human (D:8)
  2 hungry ghosts
  Menkaure (D:7)
  A water moccasin (D:6)
  2 ice beasts
  14 orc warriors
  2 sky beasts
  A swamp drake (Bailey)
  8 centaurs
  5 bullfrogs
  A gnoll sergeant (D:8)
  3 scorpions
  A wyvern skeleton (D:11)
  3 killer bees (D:8)
  3 wights (D:8)
  3 crimson imps
  A centaur zombie (D:8)
  4 hounds
  An orc priest (D:11)
  4 jellies
  A bullfrog skeleton (D:5)
  3 centaur skeletons
  2 iguanas
  10 orc wizards
  3 worker ants
  12 mummies (Ossuary)
  A hound skeleton (D:4)
  A worker ant zombie (D:5)
  3 gnolls (D:8)
  9 adders
  2 shadow imps
  2 adder zombies
  4 adder skeletons
  A worm (D:3)
  3 dart slugs
  5 leopard geckos
  38 orcs
  6 giant cockroaches
  6 hobgoblins
  6 jackals
  4 quokkas
  A ball python (D:2)
  5 bats
  A frilled lizard (D:2)
  2 gnoll skeletons (Ossuary)
  5 goblins
  2 goblin skeletons (Ossuary)
  4 kobolds
  A kobold skeleton (Ossuary)
  A leopard gecko skeleton (D:5)
  3 orc skeletons (Ossuary)
  A quokka skeleton (D:5)
  3 rats (D:1)
  11 rat skeletons (Ossuary)
251 creatures vanquished.

Vanquished Creatures (collateral kills)
  An ugly thing (D:11)
  A hornet (D:9)
  A hippogriff (D:7)
  Sigmund (D:6)
  A hog (D:8)
  A hungry ghost (D:9)
  A water moccasin (D:7)
  A necrophage (D:8)
  An ogre (D:5)
  A black bear (D:7)
  3 killer bees (D:8)
  2 scorpions
  A crimson imp (D:6)
  A howler monkey (D:6)
  A quasit (D:7)
  An orc wizard (D:6)
  An orc priest (D:6)
  A centaur skeleton (D:5)
  An iguana (D:9)
  Ijyb (D:4)
  4 worker ants
  A killer bee zombie (D:7)
  3 adders
  A gnoll (D:8)
  A worm (D:2)
  15 orcs
  A giant cockroach (D:6)
  4 goblins (D:9)
  3 jackals
  A jackal skeleton (D:8)
  A rat (D:3)
58 creatures vanquished.

Vanquished Creatures (others)
  A wizard (D:10)
  Edmund (D:6)
2 creatures vanquished.

Grand Total: 311 creatures vanquished

Notes
Turn   | Place    | Note
-------+----------+-------------------------------------------
     0 | D:1      | doot the Tengu Summoner began the quest for the Orb.
     0 | D:1      | Reached XP level 1. HP: 10/10 MP: 4/4
    93 | D:1      | Reached skill level 5 in Summonings
   299 | D:1      | Reached XP level 2. HP: 15/15 MP: 6/6
   623 | D:1      | Learned a level 2 spell: Call Imp
  1277 | D:2      | Reached XP level 3. HP: 17/19 MP: 7/7
  1282 | D:2      | Learned a level 3 spell: Call Canine Familiar
  1989 | D:3      | Reached skill level 1 in Maces & Flails
  2436 | D:3      | Reached XP level 4. HP: 23/24 MP: 8/8
  2914 | D:4      | Gained mutation: You can fly continuously. [Tengu growth]
  2914 | D:4      | Reached XP level 5. HP: 5/28 MP: 6/9
  3126 | D:4      | Noticed Ijyb
  3135 | D:4      | Killed Ijyb
  3135 | D:4      | Reached skill level 1 in Fighting
  3827 | D:4      | Reached XP level 6. HP: 33/34 MP: 6/11
  4190 | D:5      | Entered Level 5 of the Dungeon
  4328 | D:5      | Noticed a wyvern
  4342 | D:5      | Killed a wyvern
  4342 | D:5      | Reached skill level 1 in Armour
  4342 | D:5      | Reached XP level 7. HP: 22/38 MP: 4/12
  4348 | D:5      | Learned a level 4 spell: Summon Lightning Spire
  5518 | D:6      | Reached XP level 8. HP: 29/44 MP: 9/14
  5751 | D:6      | Reached skill level 5 in Maces & Flails
  5987 | D:6      | Noticed Edmund
  6018 | D:6      | Killed Edmund
  6020 | D:6      | Noticed Sigmund
  6044 | D:6      | Killed Sigmund
  6590 | D:7      | Found a glowing silver altar of Zin.
  6628 | D:7      | Found a staircase to the Ecumenical Temple.
  6643 | Temple   | Entered the Ecumenical Temple
  6987 | D:7      | Reached skill level 1 in Air Magic
  7012 | D:7      | Found Hohes's Food Boutique.
  7059 | D:7      | Reached skill level 5 in Spellcasting
  7079 | D:7      | Noticed a hippogriff
  7088 | D:7      | Killed a hippogriff
  7088 | D:7      | Reached XP level 9. HP: 47/49 MP: 13/17
  7149 | D:7      | Found a sand-covered staircase.
  7159 | Ossuary  | Entered an ossuary
  8277 | D:7      | Noticed Menkaure
  8289 | D:7      | Killed Menkaure
  8594 | D:8      | Learned a level 2 spell: Blink
  8596 | D:8      | Learned a level 1 spell: Magic Dart
  8685 | D:8      | Found a deep blue altar of Sif Muna.
  8689 | D:8      | Became a worshipper of Sif Muna the Loreminder
  8697 | D:8      | Learned a level 3 spell: Mephitic Cloud
  8706 | D:8      | Identified Sif Muna's Grimoire of Transmigration
  8893 | D:8      | Reached skill level 1 in Conjurations
  9575 | D:8      | Reached skill level 5 in Stealth
 10089 | D:8      | Reached skill level 1 in Axes
 10440 | D:9      | Noticed a two-headed ogre
 10447 | D:9      | Reached XP level 10. HP: 56/56 MP: 7/19
 10701 | D:9      | Reached * piety under Sif Muna
 10754 | D:9      | Found a flagged portal.
 10760 | D:9      | Paralysed by a hornet for 2 turns
 10777 | Bailey   | Entered a bailey
 11104 | Bailey   | Reached skill level 5 in Dodging
 11245 | Bailey   | Reached skill level 1 in Evocations
 11310 | Bailey   | Reached skill level 1 in Poison Magic
 11471 | Bailey   | Identified a scroll of acquirement
 11478 | Bailey   | Got a dazzling executioner's axe
 11481 | Bailey   | Identified the +11 executioner's axe of Radicalism {chop,
                  | rC+ Int+3} (You found it in a bailey)
 12446 | D:10     | Entered Level 10 of the Dungeon
 12480 | D:10     | Found a transporter.
 12484 | D:10     | Noticed a fire crab
 12484 | D:10     | Noticed an orc high priest
 12491 | D:10     | Noticed a kobold demonologist
 12496 | D:10     | Noticed a kobold demonologist
 12502 | D:10     | Found a transporter.
 12542 | D:10     | Reached skill level 5 in Axes
 12542 | D:10     | Reached XP level 11. HP: 44/61 MP: 21/21
 12669 | D:10     | Noticed a two-headed ogre
 12687 | D:10     | Killed a two-headed ogre
 12687 | D:10     | Reached skill level 1 in Translocations
 12876 | D:10     | Reached ** piety under Sif Muna
 13290 | D:10     | Found a bloodstained altar of Trog.
 13352 | D:10     | Noticed a wizard
 13358 | D:10     | Killed a wizard
 13795 | D:11     | Killed an unseen horror
 13917 | D:11     | Noticed a cyclops
 14157 | D:11     | Noticed a purple ugly thing
 14172 | D:11     | Killed a purple ugly thing
 14398 | D:11     | Noticed a cyclops
 14814 | D:11     | Killed a cyclops
 14936 | D:11     | Found a staircase to the Lair.
 15144 | D:11     | Reached skill level 5 in Fighting
 15394 | D:11     | Hit by a large rock thrown by a cyclops

Skill      XL: |  1  2  3  4  5  6  7  8  9 10 11 |
---------------+----------------------------------+-----
Summonings     | 5 6 8 9 |  9.4
Maces & Flails | 1 2 3 4 5 8 |  8.2
Stealth        | 3 4 5 6 |  6.2
Fighting       | 1 2 3 4 5 |  5.0
Armour         | 1 2 3 |  3.1
Dodging        | 3 4 5 |  5.2
Spellcasting   | 3 5 6 |  6.8
Air Magic      | 1 3 |  3.6
Conjurations   | 2 3 4 |  4.2
Axes           | 1 5 9 |  9.5
Evocations     | 1 |  1.3
Poison Magic   | 1 |  1.6
Translocations | 1 |  1.2
Polearms       | |  0.5

Action                   |  1- 3 |  4- 6 |  7- 9 | 10-12 || total
-------------------------+-------+-------+-------+-------++-------
Melee: Mace              |    61 |       |       |       ||    61
       Peck              |    15 |    16 |    45 |    38 ||   114
       Kick              |    13 |    18 |    87 |    39 ||   157
       Flail             |    13 |    85 |   267 |       ||   365
       Morningstar       |       |       |    47 |       ||    47
       Broad axe         |       |       |    10 |       ||    10
       Trident           |       |       |     8 |    51 ||    59
       Executioner's axe |       |       |       |   155 ||   155
Throw: Javelin           |       |       |     2 |       ||     2
 Cast: Call Canine Famil |     3 |    12 |    21 |     8 ||    44
       Call Imp          |       |     3 |    19 |     1 ||    23
       Summon Small Mamm |       |     1 |       |     1 ||     2
       Summon Lightning  |       |       |    11 |     7 ||    18
       Magic Dart        |       |       |    36 |    50 ||    86
       Mephitic Cloud    |       |       |     4 |    21 ||    25
       Blink             |       |       |     1 |     9 ||    10
Invok: Divine Energy     |       |       |       |     1 ||     1
 Abil: Fly               |       |     1 |       |       ||     1
Evoke: Wand              |       |       |       |     6 ||     6
  Use: Scroll            |       |     7 |     6 |    17 ||    30
       Potion            |       |       |     1 |     1 ||     2
 Stab: Sleeping          |     8 |     4 |    19 |     9 ||    40
       Distracted        |       |     2 |     1 |     2 ||     5
       Confused          |       |       |     3 |     1 ||     4
  Eat: Chunk             |     4 |     8 |    22 |    18 ||    52
       Ration            |       |       |     1 |       ||     1
Armor: Robe              |    19 |     4 |       |       ||    23
       Leather armour    |       |    17 |   111 |    70 ||   198
Dodge: Dodged            |    49 |    61 |   235 |   208 ||   553
Block: Other             |       |       |       |    14 ||    14
       Reflection        |       |       |       |     1 ||     1
